Map: Graystone Ravine

Players

bravo

  • Race: Terran Terran
  • Spawn Location: 11:00

bazazow

  • Race: Terran Terran
  • Spawn Location: 9:00

Gracz - Winner!

  • Race: Terran Terran
  • Spawn Location: 3:00

Zorrorotto - Winner!

  • Race: Zerg Zerg
  • Spawn Location: 5:00

VOD

Have the link to the VOD?

Description

Time

  • Played on: March 5, 2016, 6:15 p.m.
  • Length: 19:48
Show
View Real Time Build Order
Export as new Build Order

bravo Terran 

Build Orders: Command Center First (CC) 

Get SALT Encoding   

  12  0:41  Supply Depot  
  12  0:46  SCV  
  13  0:58  SCV  
  14  1:10  SCV  
  15  1:14  Command Center  
  15  1:28  Barracks  
  15  1:42  Barracks  
  15  1:48  Supply Depot  
  15  2:12  Supply Depot  
  15  2:27  Refinery  
  15  2:37  Refinery  
  15  2:49  SCV  
  16  2:54  Marine  
  16  2:55  Marine  
  18  3:01  SCV  
  19  3:12  Marine  
  19  3:13  Marine, SCV  
  22  3:25  SCV  
  22  3:26  SCV  
  24  3:30  Marine x2  
  26  3:37  SCV  
  26  3:39  SCV  
  28  3:48  Marine x2  
  28  3:49  SCV  
  29  4:01  SCV  
  25  4:06  Marine x2  
  2  5:51  SCV  
  2  5:56  Marine  
  2  5:57  Marine  
  4  6:03  SCV  
  6  6:09  SCV  
  7  6:14  Marine x2  
  7  6:15  SCV  
  10  6:21  SCV  
  11  6:27  SCV  
  11  6:32  Marine x2  
  14  6:34  SCV  
  14  6:39  SCV  
  16  6:46  SCV  
  17  6:50  Marine x2  
  19  6:58  SCV  
  20  7:08  Marine x2  
  22  7:20  Factory  
  22  7:25  Marine  
  23  8:17  SCV  
  24  8:25  Factory Tech Lab  
  24  8:28  Marine x2  
  24  8:29  SCV  
  27  8:41  SCV  
  27  8:46  Marine x2  
  30  8:53  SCV  
  30  8:55  Siege Tank  
  34  9:04  Marine x2  
  34  9:05  SCV  
  37  9:22  Marine  
  38  9:44  Supply Depot  
  38  10:05  Marine x2  
  40  10:21  Starport  
  40  10:23  Marine x2  
  40  10:26  Supply Depot  
  42  10:41  Marine x2  
  44  10:59  Marine x2  
  46  11:05  Starport Tech Lab  
  46  11:16  Marine x2  
  48  11:25  Fusion Core  
  48  11:40  Armory  
  48  11:45  Marine x2  
  50  12:03  Marine x2  
  52  12:21  Marine x2  
  54  12:51  Supply Depot  
  54  12:59  Supply Depot  
  54  13:12  Marine x2, Siege Tank, Banshee  
  62  13:30  Marine x2  
  64  13:55  Banshee  
  67  13:57  Hellbat  
  40  14:18  Hellbat  
  48  14:38  Battlecruiser  
  48  14:41  Marine x2  
  50  14:59  Marine x2  
  52  15:13  Hellbat  
  54  15:17  Marine x2  
  56  15:34  Marine x2  
  56  15:35  Hellbat  
  66  15:42  Battlecruiser  
  66  15:52  Marine x2  
  66  15:56  Hellbat  
  70  16:03  Supply Depot  
  70  16:11  Supply Depot  
  70  16:24  Marine  
  70  16:25  Hellbat, Marine  
  74  16:42  Marine x2  
  74  16:46  Thor  
  82  17:00  Marine x2  
  84  17:22  Supply Depot  
  84  17:29  Supply Depot  
  78  17:35  Marine x2  
  32  17:53  Marine x2  
Show
View Real Time Build Order
Export as new Build Order

bazazow Terran 

Build Orders:  

Get SALT Encoding   

  12  0:01  SCV  
  13  0:18  Supply Depot, SCV  
  14  0:30  SCV  
  15  0:39  Refinery  
  15  0:42  Barracks  
  15  0:45  SCV  
  16  0:57  SCV  
  17  1:09  SCV  
  18  1:22  SCV  
  19  1:28  Supply Depot  
  19  1:34  SCV  
  20  1:42  Factory  
  20  1:46  SCV  
  21  1:59  Reaper  
  22  2:09  Command Center  
  22  2:12  SCV  
  23  2:29  Factory Tech Lab  
  23  2:32  Barracks Reactor  
  23  2:38  SCV  
  23  2:40  Bunker  
  24  2:46  Supply Depot  
  24  2:50  SCV  
  25  2:56  Refinery  
  25  3:02  SCV  
  26  3:15  Command Center  
  26  3:22  Orbital Command  
  26  3:28  Marine x2  
  28  3:41  Engineering Bay  
  28  3:51  Marine  
  28  3:52  Marine, Widow Mine  
  32  3:59  Bunker  
  32  4:09  Marine x2  
  33  4:21  Siege Tank  
  36  4:27  Marine x2  
  36  4:30  SCV x2  
  36  4:31  SCV  
  41  4:37  Terran Infantry Weapons Level 1  
  41  4:45  Marine x2  
  42  4:46  SCV  
  42  4:49  Barracks  
  44  4:54  Supply Depot  
  44  5:06  Marine x2  
  46  5:14  Siege Tank  
  49  5:24  Marine  
  50  5:38  SCV x2  
  52  5:42  Refinery  
  52  5:43  Missile Turret  
  52  5:44  Refinery  
  52  5:48  Missile Turret  
  52  5:50  SCV  
  52  5:56  Marine  
  54  5:57  Marine  
  54  6:00  Barracks Tech Lab  
  55  6:10  Command Center  
  55  6:14  Marine x2  
  57  6:25  Sensor Tower  
  57  6:27  SCV  
  57  6:30  Orbital Command  
  57  6:32  Marine  
  59  6:39  SCV  
  60  6:44  Missile Turret  
  60  6:50  Missile Turret  
  60  6:51  Sensor Tower  
  60  6:53  Missile Turret  
  60  6:56  Marine x2  
  60  6:57  Marauder  
  60  6:58  Missile Turret  
  64  7:02  Terran Infantry Armor Level 1  
  64  7:18  Marauder  
  66  7:29  Starport  
  65  7:31  Orbital Command  
  65  7:37  Stimpack  
  65  7:40  Cyclone  
  68  7:45  Armory  
  66  8:12  Siege Tank  
  42  8:44  Siege Tank  
  45  8:51  Marine x2  
  45  8:52  Marauder  
  49  8:56  Terran Vehicle Weapons Level 1  
  43  9:09  Marine x2  
  45  9:13  Marauder  
  47  9:18  Terran Infantry Weapons Level 2  
  47  9:24  Engineering Bay  
  47  9:27  Marine  
  47  9:29  Starport Reactor  
  47  9:31  Marine  
  48  9:33  Thor  
  48  9:34  Marauder  
  57  9:44  Marine  
  58  9:56  Marauder  
  60  10:00  Marine  
  60  10:02  Marine  
  62  10:16  Thor  
  62  10:17  Marauder  
  62  10:18  Viking x2  
  74  10:38  Marauder  
  76  10:45  Missile Turret  
  76  10:48  Viking  
  76  10:49  Missile Turret  
  78  10:51  Orbital Command  
  69  11:16  Marine x2, Marauder  
  63  11:25  Medivac x2  
  61  11:33  Marine  
  61  11:38  Marauder  
  64  11:50  Siege Tank  
  67  11:55  SCV x2  
  67  11:59  Marauder  
  71  12:07  SCV  
  71  12:08  SCV  
  73  12:10  Marine  
  74  12:19  SCV  
  74  12:20  SCV, Marauder  
  74  12:21  Viking  
  74  12:22  Siege Tank  
  83  12:32  SCV  
  83  12:36  SCV  
  85  12:37  Marine x2  
  85  12:41  Terran Infantry Armor Level 2  
  85  12:42  Marauder  
  85  12:44  SCV  
  90  12:46  Terran Vehicle And Ship Armor Level 1  
  90  12:48  SCV  
  91  12:54  Refinery  
  91  12:56  SCV  
  91  12:57  Refinery  
  92  13:09  Marauder  
  73  13:34  Marine x2, Marauder  
  62  13:52  Marine  
  57  13:56  Marauder  
Show
View Real Time Build Order
Export as new Build Order

Gracz Terran - Winner!

Build Orders:  

Get SALT Encoding   

  12  0:04  SCV  
  13  0:16  SCV  
  14  0:26  Supply Depot  
  14  0:28  SCV  
  15  0:47  Refinery  
  15  0:48  SCV  
  15  0:49  Refinery  
  16  1:00  SCV  
  17  1:08  Barracks  
  17  1:12  SCV  
  18  1:19  Supply Depot  
  18  2:02  Barracks Reactor  
  18  2:06  Supply Depot  
  18  2:16  Barracks  
  18  2:18  Barracks  
  18  2:29  Barracks  
  18  2:34  Barracks  
  18  2:39  Factory  
  18  2:43  Marine x2  
  20  2:47  SCV  
  21  3:11  Barracks  
  21  3:26  Factory Tech Lab  
  21  3:44  Orbital Command  
  21  3:47  Engineering Bay  
  21  3:56  Starport  
  21  4:05  Barracks Reactor x3  
  21  4:10  Barracks Reactor  
  21  4:16  Barracks Reactor  
  21  4:44  Supply Depot  
  21  4:45  Marine x5  
  23  4:46  Marine x2  
  23  4:47  Marine  
  23  4:51  SCV  
  30  5:03  Starport Reactor  
  30  5:13  Supply Depot  
  30  5:16  Marine x2  
  30  5:17  Marine x4  
  36  5:26  Building Armor  
  36  5:45  Supply Depot  
  36  5:46  Marine x4  
  36  5:47  Marine x2  
  42  5:51  Marine  
  42  5:54  Marine  
  42  5:56  Marine  
  45  6:13  Supply Depot  
  45  6:18  Medivac x2  
  49  6:23  Engineering Bay  
  49  6:32  Marine x3  
  50  6:33  Marine x2  
  50  6:35  Marine  
  55  6:54  Medivac x2  
  55  6:56  Marine x2  
  55  6:57  Marine  
  55  7:00  Marine  
  63  7:22  Marine x3  
  64  7:23  Marine x4  
  70  7:34  Marine  
  71  7:42  Marine x3  
  74  7:46  Supply Depot  
  49  8:39  Marine  
  49  8:40  Marine x7  
  49  8:41  Marine x4  
  57  8:57  Marine x2  
  59  9:11  Supply Depot  
  59  9:18  Terran Infantry Weapons Level 1  
  59  9:19  Barracks, Terran Infantry Armor Level 1  
  59  9:30  Medivac  
  61  9:33  Medivac  
  63  9:59  Marine  
  63  10:00  Marine x6  
  63  10:01  Marine x4  
  74  10:10  Barracks Tech Lab  
  74  10:18  Barracks  
  74  10:23  Supply Depot  
  74  10:27  Medivac x2  
  78  10:36  Stimpack  
  78  10:43  Marine  
  72  11:40  Marine x3  
  72  11:41  Marine x7  
  78  12:14  Medivac  
  79  13:37  Marine x4  
  24  14:41  Orbital Command  
  20  15:25  Refinery  
  20  15:46  Command Center  
  20  15:51  Refinery  
  20  15:54  Marine x3  
  20  15:55  Marine x4  
  27  16:19  SCV  
  27  16:24  Marine x3  
  27  16:25  Marine x5  
  35  16:31  SCV  
  37  16:34  Combat Shields  
  37  16:43  SCV  
  38  16:55  SCV  
  38  16:57  Orbital Command  
  39  17:07  SCV  
  40  17:31  Orbital Command  
  40  17:35  Marine x4  
  40  17:36  Marine x6  
  40  17:37  Marine x2  
  52  17:53  Marine x5  
  52  17:54  Marine  
  56  18:13  Marine x2  
  56  18:14  Marine x6  
  56  18:15  Marine x4  
  68  18:53  Marine x6  
  68  18:54  Marine x6  
  80  19:10  Marine  
  81  19:34  SCV  
Show
View Real Time Build Order
Export as new Build Order

Zorrorotto Zerg - Winner!

Build Orders: Pool First 

Get SALT Encoding   

  12  0:03  Drone  
  13  0:13  Overlord  
  13  0:17  Drone  
  14  0:23  Extractor  
  14  0:26  Drone  
  14  0:43  Spawning Pool  
  13  1:00  Drone  
  13  1:01  Drone  
  13  1:02  Drone  
  16  1:19  Drone  
  17  1:34  Hatchery  
  17  1:36  Metabolic Boost  
  16  1:49  Queen  
  16  1:53  Zergling x2  
  19  1:58  Zergling x2  
  20  2:01  Zergling x2  
  21  2:08  Overlord  
  21  2:23  Zergling x2  
  22  2:37  Zergling x2  
  22  2:38  Zergling x2  
  22  2:43  Lair  
  24  2:49  Extractor  
  23  2:52  Zergling x2  
  23  2:56  Queen  
  26  3:01  Zergling x2  
  26  3:04  Zergling x2  
  29  3:05  Zergling x2  
  29  3:08  Zergling x2  
  30  3:21  Drone x2  
  32  3:37  Queen  
  29  4:34  Spire  
  29  4:37  Infestation Pit  
  27  4:54  Extractor  
  27  4:56  Drone x3  
  27  4:57  Extractor  
  25  5:50  Overlord x2  
  25  5:53  Mutalisk  
  25  5:55  Mutalisk  
  25  5:56  Mutalisk  
  31  5:57  Mutalisk  
  31  5:58  Mutalisk  
  35  6:14  Mutalisk  
  37  6:19  Mutalisk  
  39  6:32  Drone  
  40  6:33  Drone  
  41  6:43  Drone  
  42  6:47  Drone  
  42  6:53  Drone  
  44  7:10  Drone x2  
  44  7:11  Drone  
  43  7:43  Hive  
  43  7:49  Drone x2  
  43  7:50  Drone x3  
  48  7:54  Drone x3  
  47  8:26  Mutalisk  
  47  8:27  Mutalisk  
  51  8:53  Hatchery  
  51  8:55  Extractor  
  47  9:02  Mutalisk x2  
  47  9:04  Overlord  
  51  9:25  Overlord x2  
  51  9:26  Overlord  
  50  9:57  Mutalisk x2  
  54  10:04  Greater Spire  
  54  10:05  Corruptor  
  54  10:06  Mutalisk x2  
  60  10:14  Drone  
  60  10:18  Overseer  
  61  10:21  Pneumatized Carapace  
  61  10:24  Mutalisk x2  
  61  10:25  Mutalisk  
  67  10:40  Corruptor x3  
  73  10:46  Overlord x3  
  69  11:05  Burrow  
  55  11:22  Drone x3  
  58  11:30  Spine Crawler  
  57  11:32  Spine Crawler  
  57  11:35  Brood Lord, Spine Crawler  
  57  11:41  Brood Lord  
  59  11:52  Brood Lord  
  61  11:55  Brood Lord  
  63  12:27  Corruptor x3  
  69  12:31  Corruptor x2  
  69  12:32  Corruptor  
  75  12:40  Drone x3  
  72  14:52  Brood Lord  
  74  14:59  Corruptor x3  
  74  15:00  Corruptor x2  
  84  15:09  Corruptor x2  
  84  15:10  Corruptor x3  
  94  15:48  Overlord x2  
  94  15:49  Overlord  
  94  16:21  Brood Lord x7  
  94  16:22  Brood Lord  
  106  18:52  Brood Lord  
Tags
 
Add a new tag
Caveats
  • Supply blocks, unpowered buildings, or Contaminate may cause inaccurate times.
  • Supply counts are checked every 10 seconds.